 Dungeon Crawl Stone Soup version 0.24.0-37-gcf1ca852f1 (webtiles) character file.

Game seed: 14661280432279141238, levelgen mode: deterministic

203 Delamore the Chopper (level 5, -6/45 HPs)
             Began as a Hill Orc Fighter on Nov 22, 2019.
             Was an Initiate of Qazlal.
             Mangled by Sigmund
             ... wielding a +0 scythe
              (9 damage)
             ... on level 3 of the Dungeon.
             The game lasted 00:06:35 (3231 turns).

Delamore the Chopper (Hill Orc Fighter)             Turns: 3231, Time: 00:06:36

Health: -6/45      AC:  6    Str: 20    XL:     5   Next: 81%
Magic:  0/5        EV:  7    Int:  8    God:    Qazlal [......]
Gold:   83         SH:  9    Dex: 10    Spells: 4/4 levels left

rFire    . . .     SeeInvis .   a - +0 war axe
rCold    . . .     Gourm    .   c - +0 shield
rNeg     . . .     Faith    .   b - +0 scale mail
rPois    .         Spirit   +   (no helmet)
rElec    .         Reflect  .   g - scarf {repulsion}
rCorr    .         Harm     .   (no gloves)
MR       .....                  (no boots)
Stlth    ..........             l - amulet of guardian spirit
HPRegen  0.15/turn              (no ring)
MPRegen  0.09/turn              (no ring)

@: repel missiles
A: no striking features
a: Renounce Religion


You were on level 3 of the Dungeon.
You worshipped Qazlal.
Qazlal was noncommittal.
You were not hungry.

You visited 1 branch of the dungeon, and saw 3 of its levels.

You collected 83 gold pieces.

Inventory:

Hand Weapons
 a - a +0 war axe (weapon)
Missiles
 h - 2 curare-tipped darts (quivered)
Armour
 b - a +0 scale mail (worn)
 c - a +0 shield (worn)
 g - a scarf of repulsion (worn)
Jewellery
 l - an amulet of guardian spirit (around neck)
Scrolls
 e - 2 scrolls of remove curse {unknown}
 i - a scroll of magic mapping {unknown}
 j - 3 scrolls of identify {unknown}
 k - a scroll of enchant weapon {unknown}
 m - a scroll of teleportation {unknown}
 r - a scroll of immolation {unknown}
 u - a scroll of amnesia {unknown}
Potions
 d - 2 potions of might
 n - a potion of lignification {unknown}
 p - a potion of haste {unknown}
 q - a potion of flight {unknown}
 s - a potion of agility
 t - a potion of heal wounds {unknown}
Comestibles
 f - 4 rations


   Skills:
 - Level 3.6 Fighting
 + Level 7.7 Axes
 - Level 3.2 Armour
 - Level 3.2 Shields


You had 4 spell levels left.
You didn't know any spells.
Your spell library was empty.

Dungeon Overview and Level Annotations

Branches:
Dungeon (3/15)

Altars:
Qazlal
Trog

Annotations:
D:3 Sigmund


Message History

Sigmund barely misses you.
You closely miss Sigmund.
Sigmund is almost dead.
You closely miss Sigmund.
Sigmund is almost dead.
Sigmund hits you with a +0 scythe!
* * * LOW HITPOINT WARNING * * *
You closely miss Sigmund.
Sigmund is almost dead.
You block Sigmund's attack.
Your shield and scale mail prevent you from hitting Sigmund.
Sigmund is almost dead.
Sigmund hits you with a +0 scythe!
* * * LOW HITPOINT WARNING * * *
You barely miss Sigmund.
Sigmund is almost dead.
You barely miss Sigmund.
Sigmund is almost dead.
Sigmund hits you with a +0 scythe!
You die...

.....##.#
#)†......
#.# .# #.#
#.#.
##'#####.#.
####
#......#.#.
#..
#......#.#.
#@#
#..........
#@#
##.####....
#.# #.#
#....
##.#######.#
#....
#..........#
#....
############
####. #..
#.. #.. #..


You could see Sigmund.

Vanquished Creatures
  An orc priest (D:3)
  Terence (D:3)
  A gnoll (D:1)
  4 adders
  3 oozes
  3 worms
  4 dart slugs
  5 orcs (D:3)
  5 giant cockroaches
  9 goblins
  8 hobgoblins
  3 jackals (D:3)
  6 kobolds
  A quokka (D:3)
  2 ball pythons
  7 bats
  3 frilled lizards
  6 rats
72 creatures vanquished.

Notes
Turn   | Place    | Note
-------+----------+-------------------------------------------
     0 | D:1      | Delamore the Hill Orc Fighter began the quest for the Orb.
     0 | D:1      | Reached XP level 1. HP: 19/19 MP: 1/1
    15 | D:1      | Reached skill level 3 in Axes
   212 | D:1      | Reached XP level 2. HP: 26/26 MP: 2/2
   493 | D:1      | Reached skill level 4 in Axes
   496 | D:1      | Reached XP level 3. HP: 24/31 MP: 3/3
   514 | D:1      | Reached skill level 5 in Axes
  1319 | D:2      | Reached XP level 4. HP: 39/39 MP: 4/4
  1728 | D:2      | Found a stormy altar of Qazlal.
  1730 | D:2      | Noticed an earth elemental
  1731 | D:2      | Noticed a fire elemental
  1731 | D:2      | Noticed a water elemental
  1731 | D:2      | Noticed an air elemental
  1738 | D:2      | Became a worshipper of Qazlal Stormbringer
  1904 | D:2      | Reached skill level 6 in Axes
  2695 | D:3      | Noticed Terence
  2702 | D:3      | Killed Terence
  2702 | D:3      | Reached XP level 5. HP: 41/45 MP: 5/5
  2836 | D:3      | Reached skill level 7 in Axes
  2918 | D:3      | Found a bloodstained altar of Trog.
  3214 | D:3      | Noticed Sigmund
  3229 | D:3      | HP: 2/45 [Sigmund/+0 scythe (6)]
  3231 | D:3      | Mangled by Sigmund

Levels and vault maps discovered:
D:1:      dpeg_arrival_morbid_curiosity, layout_basic, chequers_jeans
D:2:      layout_basic, first_ration, serial_co_window_serial,
          co_window_of_opportunity_a, co_window_cross_1, co_window_paths_b,
          co_window_cross_1, co_window_corner_a, co_window_corner_a,
          co_window_paths_a, co_window_unsneaky_path_d, co_window_corner_b,
          co_window_2corner, co_window_of_opportunity_c, glass_columns_a,
          glass_columns_a, glass_columns_c, glass_columns_c,
          nicolae_qazlal_style_of_elements
D:3:      layout_basic, portal_sewer_entry_e, corexii_shack,
          trog_three_pillars_becter, uniq_sigmund, uniq_terence

Skill      XL: |  1  2  3  4  5 |
---------------+----------------+-----
Axes           | 3 4 5 6 7 |  7.7
Fighting       | |  3.6
Armour         | |  3.2
Shields        | |  3.2

Action                   |  1- 3 |  4- 6 || total
-------------------------+-------+-------++-------
Melee: War axe           |    86 |   173 ||   259
  Eat: Chunk             |     1 |     7 ||     8
Armor: Scale mail        |    31 |    54 ||    85
Dodge: Dodged            |    19 |    49 ||    68
       Deflected         |       |     4 ||     4
Block: Shield            |    35 |    69 ||   104
